 Dungeon Crawl Stone Soup version 0.29.1-13-g9f3cf754e1 (webtiles) character file.

Game seed: 5764737452262515485

65 Ayven the Insei (level 3, -3/28 HPs)
             Began as a Draconian Transmuter on Feb 9, 2023.
             Was an Initiate of Zin (penitent).
             Slain by a gnoll
             ... wielding a +0 flail
              (8 damage)
             ... on level 2 of the Dungeon.
             The game lasted 00:07:14 (1541 turns).

Ayven the Insei (Draconian Transmuter)              Turns: 1541, Time: 00:07:14

Health: -3/28      AC:  5    Str: 12    XL:     3   Next: 94%
Magic:  6/6        EV:  6    Int: 13    God:    Zin [......]
Gold:   39         SH:  0    Dex: 13    Spells: 5/6 levels left

rFire   . . .      SeeInvis .     - Unarmed
rCold   . . .      Faith    .   (no shield)
rNeg    . . .      Spirit   .   (body armour unavailable)
rPois   .          Reflect  .   (helmet restricted)
rElec   .          Harm     .   (no cloak)
rCorr   .          Rampage  .   (no gloves)
Will    .....                   (no boots)
Stlth   +.........              (no amulet)
HPRegen 0.09/turn               (no ring)
MPRegen 0.10/turn               (no ring)

@: held
A: AC +5, unfitting armour, cold-blooded
a: Renounce Religion, Donate Gold


You were on level 2 of the Dungeon.
You worshipped Zin.
Zin was demanding penance.
You visited 1 branch of the dungeon, and saw 2 of its levels.

You collected 60 gold pieces.
You donated 21 gold pieces to Zin.

Inventory:

Scrolls
 e - a scroll of enchant armour
 g - a scroll of magic mapping
Potions
 a - a potion of lignification
 c - a potion of invisibility
 d - a potion of ambrosia {unknown}
 f - a potion of might {unknown}


   Skills:
 + Level 1.1 Fighting
 + Level 2.1 Dodging
 + Level 0.1 Stealth
 + Level 4.6 Unarmed Combat
 - Level 2.0 Spellcasting
 - Level 2.0 Transmutations


You had 5 spell levels left.
You knew the following spells:

 Your Spells              Type           Power      Damage    Failure   Level
a - Beastly Appendage     Tmut           12%        N/A       11%         1

Your spell library contained the following spells:

 Spells                   Type           Power      Damage    Failure   Level
 Wereblood                Tmut           6%         N/A       17%         2
 Apportation              Tloc           2%         N/A       26%         1
 Necrotise                Necr           4%         1d4       26%         1
 Summon Small Mammal      Summ           4%         N/A       26%         1
 Blink                    Tloc           2%         N/A       36%         2
 Spider Form              Tmut/Pois      3%         N/A       45%         3
 Lesser Beckoning         Tloc           1%         N/A       58%         3
 Ice Form                 Ice/Tmut       3%         N/A       86%         4
 Manifold Assault         Tloc           1%         N/A       100%        5


Dungeon Overview and Level Annotations

Branches:
Dungeon (2/15)

Altars:
Uskayaw
Zin


Innate Abilities, Weirdness & Mutations

Your plain brown scales are hard. (AC +5)
You cannot fit into any form of body armour.
You are cold-blooded and may be slowed by cold attacks.


Message History

Confirm with . or Enter, or press ? or * to list all spells.
Casting this spell will place you under penance.
Really cast?
You grow a pair of large bovine horns.
Your feet morph into talons.
You feel extremely guilty. "You will pay for your transgression, mortal!"
A gnoll comes into view. It is wielding a +0 flail.
Your transformation is almost over.
The gnoll shouts!
The gnoll hits you from afar with a +0 spear.
The gnoll hits you with a +0 spear.
A goblin comes into view. It is wielding a +0 club.
You completely miss the gnoll.
Your tail-slap misses the gnoll.
You closely miss the gnoll. You tail-slap the gnoll.
The gnoll is moderately wounded.
The gnoll barely misses you.
You hit the gnoll. You claw the gnoll.
The gnoll is heavily wounded.
The gnoll barely misses you. x2
You barely miss the gnoll.
You tail-slap the gnoll, but do no damage.
The gnoll is heavily wounded.
The gnoll hits you from afar with a +0 spear!
The gnoll barely misses you.
You hit the gnoll. You claw the gnoll.
You kill the gnoll!
The gnoll throws a throwing net.
The throwing net barely misses you.
Your horns disappear.
Your talons disappear.
The gnoll hits you but does no damage.
You see here a +0 spear.
The gnoll barely misses you. The gnoll hits you with a +0 flail.
You punch the gnoll!
Your tail-slap misses the gnoll.
The gnoll is heavily wounded.
The gnoll barely misses you.
The gnoll throws a throwing net.
The throwing net hits you.
You become entangled in the net!
You tear a large gash into the net.
The gnoll hits you with a +0 flail.
* * * LOW HITPOINT WARNING * * *
The gnoll barely misses you.
You struggle against the net.
The gnoll hits you with a +0 flail!
You die...

### ..# ..# ###### ..#
#....# ##### #### ..#
#....###...##..... ..#
#......(......#
..#######......#@.g####
..............##g##.......
....####........g. g......
..#...###.#.####.##.......
..#...###.#.# #.# .......
............. ... .......
.......#..#.## #.# .......
..._......#.# #.# .......
........#.. #


You could see 2 gnolls and a goblin.

Vanquished Creatures
  A gnoll (D:2)
  3 adders (D:2)
  A dart slug (D:1)
  2 ball pythons
  2 endoplasms (D:1)
  A giant cockroach (D:2)
  A goblin (D:2)
  2 hobgoblins (D:1)
  5 jackals
  A kobold (D:1)
  A quokka (D:1)
  3 bats (D:1)
  A frilled lizard (D:1)
  2 rats (D:1)
26 creatures vanquished.

Notes
Turn   | Place    | Note
-------+----------+-------------------------------------------
     0 | D:1      | Ayven the Draconian Transmuter began the quest for the Orb.
     0 | D:1      | Reached XP level 1. HP: 16/16 MP: 3/3
   322 | D:1      | Reached XP level 2. HP: 23/23 MP: 5/5
   649 | D:1      | Found a faded altar of an unknown god.
   664 | D:1      | Prayed at the altar of an unknown god.
   664 | D:1      | Became a worshipper of Zin the Law-Giver
   664 | D:1      | Reached * piety under Zin
   665 | D:1      | Donated 15 gold pieces to Zin
  1138 | D:2      | Reached skill level 4 in Unarmed Combat
  1138 | D:2      | Reached XP level 3. HP: 28/28 MP: 6/6
  1165 | D:2      | Reached ** piety under Zin
  1197 | D:2      | Was placed under penance by Zin
  1364 | D:2      | Found a hide-covered altar of Uskayaw.
  1541 | D:2      | Slain by a gnoll

Illustrated notes

Levels and vault maps discovered:
D:1:      psy_arrival_wood_between_worlds, layout_basic,
          hellmonk_ecumenical_altar_run_dry, fountainhead
D:2:      layout_rooms, basic_altar, nicolae_titane

Skill      XL: |  1  2 |
---------------+-------+-----
Dodging        | 2 |  2.1
Unarmed Combat | 4 |  4.6
Fighting       | |  1.1
Stealth        | |  0.1
Spellcasting   | |  2.0
Transmutations | |  2.0

Action                   || total
-------------------------++-------
Melee: Unarmed           ||    86
       Kick              ||     7
       Tailslap          ||     6
       Headbutt          ||     3
       Punch             ||     2
 Cast: Beastly Appendage ||    11
Invok: Donate Gold       ||     1
  Use: Scroll            ||     3
Armor: Skin              ||    33
Dodge: Dodged            ||    86
